[Event "*** SCC Grand Prix: Titled Tuesday Blitz"]
[Site "Chess.com"]
[Date "2020.06.02"]
[Round "5"]
[White "Tomytoteph"]
[Black "DiamondCrusher22"]
[Result "1-0"]
[WhiteElo "2294"]
[BlackElo "1974"]
[TimeControl "180+1"]
[EndTime "10:58:42 PDT"]
[Termination "Tomytoteph won by resignation"]

1. e4 e5 2. Nf3 Nc6 3. Bb5 Nf6 4.
O-O Nxe4 5. d4 Nd6 6. Bxc6 dxc6 7. dxe5 Nf5 8. Qe2 Nd4 9. Nxd4 Qxd4 10. Rd1 Qg4 11. f3 Bc5+ 12. Be3 Qb4 13. Bxc5 Qxc5+ 14. Kh1 Be6 15. b3 O-O 16. c4 Rad8 17. Nc3 Bf5 18. f4 Qb4 19. Na4 b5 20. Nb2 Qc3 21.
Rac1 Rxd1+ 22. Rxd1 h5 23. Qd2 b4 24. Na4 Qxd2 25.
Rxd2 Rc8 26. Kg1 Kf8 27. Kf2 Ke7 28. Ke3 Rd8 29. Nc5 Rxd2 30. Kxd2 f6 31. exf6+ gxf6 32. Na6 Kd6 33. Nxb4 Kc5 34. Na6+ Kb6 35. Nb4 Kc5 36.
a3 a5 37. Nc2 a4 38. bxa4 Be4 39. Ne3 Kd4 40. g3 c5 41. h3 Bc6 42. a5 Ke4 43. a6 Kf3 44. g4 hxg4 45. h4 Kxf4 46. a7 g3 47. Ke2 g2 48. Kf2 g1=Q+ 49. Kxg1 Kxe3 50.
h5 Kd4 51. h6 Be4 52. h7 Bxh7 53. a8=Q Kxc4 54. Qc6 Kd4 55. Qxf6+ Kd3 56. Qd8+ Kc3 57. Qxc7 c4 58. Qxh7 Kb2 59. a4 c3 60. a5 c2 61.
Qxc2+ Kxc2 62. a6 1-0

[Event "*** SCC Grand Prix: Titled Tuesday Blitz"]
[Site "Chess.com"]
[Date "2020.06.02"]
[Round "5"]
[White "ural58"]
[Black "EfrenRamos1"]
[Result "1-0"]
[WhiteElo "2457"]
[BlackElo "2191"]
[TimeControl "180+1"]
[EndTime "10:58:43 PDT"]
[Termination "ural58 won by resignation"]

1. e4 c5 2. b3 d6 3. Bb2 a6 4. Nf3 Nc6 5. d4 cxd4 6. Nxd4 Nf6 7. Nxc6 bxc6 8. e5 dxe5 9. Qxd8+ Kxd8 10. Bxe5 Nd7 11. Bc3 e5 12. Nd2 Kc7 13. O-O-O a5 14. a4 Bb4 15. Bxb4 axb4 16. Bc4 f6 17. Ne4 Rd8 18.
g3 Ba6 19. Bxa6 Rxa6 20. f4 exf4 21. gxf4 Ra5 22. Rd4 Rf5 23. Nd6 Rd5 24. Nb5+ Kb6 25. Rhd1 Nc5 26. Rxd5 Rxd5 27. Rxd5 cxd5 28. Nd4 g6 29.
Kd2 Ne4+ 30. Ke3 Nd6 31. Kf3 h5 32. Ne6 Ne4 33. Nf8 g5 34. h3 Kc5 35. Nd7+ Kd6 36. Nb8 Kc7 37. Na6+ Kb6 38. Nxb4 Kc5 39. Nd3+ Kd4 40.
a5 Nd6 41. a6 Nb5 42. Nb4 Kc5 43.
Nxd5 Nd4+ 44. Ke4 f5+ 45. Ke5 Nf3+ 46. Kxf5 Kxd5 47. fxg5 Nd4+ 48. Kf6 Nc6 49. g6 1-0

[Event "*** SCC Grand Prix: Titled Tuesday Blitz"]
[Site "Chess.com"]
[Date "2020.06.02"]
[Round "5"]
[White "mortngabriel"]
[Black "davekoenig"]
[Result "1-0"]
[WhiteElo "2454"]
[BlackElo "2156"]
[TimeControl "180+1"]
[EndTime "10:58:43 PDT"]
[Termination "mortngabriel won on time"]

1. Nf3 d5 2. e3 Nf6 3. c4 c6 4. Nc3 e6 5. d4 Nbd7 6. Bd3 dxc4 7. Bxc4 b5 8. Bd3 Bb7 9. O-O a6 10. e4 c5 11. d5 c4 12. Bc2 Nc5 13. Re1 Be7 14. d6 Bxd6 15. e5 Nd5 16. exd6 Qxd6 17. Qd4 O-O 18. Ng5 h6 19. Nge4 Nxe4 20. Nxe4 Qc6 21. Ng3 Rad8 22. Be4 Qc7 23. Qd1 Nb4 24. Qf3 Bxe4 25. Qxe4 Nd3 26. Rf1 Rd5 27. b3 Rc8 28. Be3 c3 29. Ne2 b4 30. Nf4 Nxf4 31.
Bxf4 Qb6 32. Rfd1 Rcd8 33. Rxd5 Rxd5 34. Be3 Qb5 35. a4 bxa3 36. Qc4 1-0

[Event "*** SCC Grand Prix: Titled Tuesday Blitz"]
[Site "Chess.com"]
[Date "2020.06.02"]
[Round "5"]
[White "Gerasimenyuk_Miha"]
[Black "iaraldinho"]
[Result "1/2-1/2"]
[WhiteElo "2360"]
[BlackElo "2626"]
[TimeControl "180+1"]
[EndTime "10:58:44 PDT"]
[Termination "Game drawn - insufficient material"]

1. d4 f5 2. e4 fxe4 3. Nc3 Nf6 4. f3 e3 5. Bxe3 e6 6. Qd2 Be7 7. O-O-O O-O 8. h4 d5 9. Nh3 c5 10. dxc5 Nc6 11. Ng5 h6 12. Bd3 e5 13. Nxd5 Qxd5 14.
Bh7+ Kh8 15. Qxd5 Nxd5 16. Rxd5 Bxg5 17. hxg5 Kxh7 18. gxh6 g6 19. a3 Be6 20. Rd6 Rfe8 21.
b4 a6 22. Kb2 Rad8 23. Rhd1 Rxd6 24. cxd6 Rd8 25. Bg5 Rd7 26. Bf6 Nd8 27. Bxe5 Nf7 28. f4 g5 29. Rd4 Kxh6 30. c4 Kg6 31. c5 Kf5 32. Rd1 gxf4 33. Bc3 Ng5 34. a4 Ne4 35. Rh1 Nxc3 36. Kxc3 Bd5 37. Rh2 Kg4 38. Kd4 Bc6 39. Rh8 Rg7 40. Ke5 Bxg2 41. Kf6 Rd7 42. Rg8+ Kh3 43.
b5 axb5 44. axb5 f3 45. Ke6 Rh7 46. d7 Rxd7 47. Kxd7 f2 48. Rh8+ Kg3 49. Rg8+ Kh3 50. Rf8 f1=Q 51. Rxf1 Bxf1 52. Kc7 Bg2 53. c6 bxc6 54.
bxc6 Bxc6 1/2-1/2

[Event "*** SCC Grand Prix: Titled Tuesday Blitz"]
[Site "Chess.com"]
[Date "2020.06.02"]
[Round "5"]
[White "Kirill_Klukin"]
[Black "Sanan_Sjugirov"]
[Result "0-1"]
[WhiteElo "2726"]
[BlackElo "2908"]
[TimeControl "180+1"]
[EndTime "10:58:45 PDT"]
[Termination "Sanan_Sjugirov won by checkmate"]

1. d4 Nf6 2. Nf3 g6 3. e3 Bg7 4.
Be2 O-O 5. O-O d6 6. c4 Nbd7 7. Nc3 e5 8. Qc2 Re8 9. b4 exd4 10. exd4 a5 11. b5 d5 12. c5 Ne4 13. Be3 Ndxc5 14. Nxd5 Qxd5 15. dxc5 Nc3 16. Bd3 Bg4 17. Nd2 Ne2+ 18. Kh1 Rad8 19. Be4 Qh5 20. Rae1 Be5 21.
f4 Ng3+ 22. Kg1 Nxf1 23. Rxf1 Bd4 24. Bxd4 Rxd4 25. h3 Bc8 26. Rf2 Qh4 27. Bf3 Re1+ 28. Nf1 Qe7 29. Qc3 Rd8 30. c6 b6 31. Qb2 h5 32.
Kh2 h4 33. Nd2 Qe3 34. Ne4 Qd4 35. Qc2 Qa1 36. Ng5 Rh1# 0-1

[Event "*** SCC Grand Prix: Titled Tuesday Blitz"]
[Site "Chess.com"]
[Date "2020.06.02"]
[Round "5"]
[White "topotun"]
[Black "Shivagami"]
[Result "1-0"]
[WhiteElo "2635"]
[BlackElo "2251"]
[TimeControl "180+1"]
[EndTime "10:58:45 PDT"]
[Termination "topotun won by checkmate"]

1. e4 e5 2. Nf3 Nc6 3. Bb5 a6 4.
Ba4 Nf6 5. O-O Be7 6. Re1 b5 7. Bb3 d6 8. c3 O-O 9. h3 Nb8 10. d4 Nbd7 11. Nbd2 Bb7 12. Bc2 Re8 13. Nf1 Bf8 14.
Ng3 g6 15. a4 c5 16. d5 c4 17. Bg5 Be7 18. Qd2 Nc5 19. Bh6 Nfd7 20. Nh2 Nb6 21.
axb5 axb5 22. Ng4 Nba4 23. Rab1 Bc8 24. Nh2 Bh4 25. Rf1 Bd7 26. Ne2 f5 27. exf5 Bxf5 28. Ng4 Nd3 29. b3 Nac5 30. b4 Ne4 31. Qe3 Ra2 32.
Bxd3 cxd3 33. Ng3 Nxc3 34. Ra1 Bxg3 35. fxg3 Re2 36. Qa7 Re7 37. Qa8 Qxa8 38. Rxa8+ Kf7 39. Rf8# 1-0

[Event "*** SCC Grand Prix: Titled Tuesday Blitz"]
[Site "Chess.com"]
[Date "2020.06.02"]
[Round "5"]
[White "chito89"]
[Black "Konavets"]
[Result "1-0"]
[WhiteElo "2819"]
[BlackElo "2967"]
[TimeControl "180+1"]
[EndTime "10:58:46 PDT"]
[Termination "chito89 won by checkmate"]

1. c4 g6 2. Nc3 Bg7 3. g3 d6 4.
Bg2 Nf6 5. e4 O-O 6. Nge2 c6 7.
d3 a6 8. O-O b5 9. h3 Bb7 10. Be3 Nbd7 11. Qd2 Re8 12. g4 Rb8 13. Ng3 Nb6 14. g5 Nfd7 15. b3 b4 16. Nce2 Bxa1 17.
Rxa1 c5 18. d4 cxd4 19. Qxd4 Nc5 20. Rd1 Qc7 21. f4 Rbd8 22. f5 e5 23. Qd2 gxf5 24.
Nxf5 Bxe4 25. Neg3 Bxg2 26. Qxg2 Re6 27. Nh5 Kh8 28.
Nf6 Nbd7 29. Nd5 Qb7 30. Qf3 Rg8 31. Kh2 Nf8 32. Rf1 Rgg6 33. Nxd6 Rxd6 34. Bxc5 Rd8 35. Be7 Re8 36. Qxf7 Qc6 37. Bf6+ Rxf6 38. Nxf6 Rd8 39. Qg8# 1-0

[Event "*** SCC Grand Prix: Titled Tuesday Blitz"]
[Site "Chess.com"]
[Date "2020.06.02"]
[Round "5"]
[White "vladislavkovalev"]
[Black "vlad_Sid"]
[Result "1-0"]
[WhiteElo "2867"]
[BlackElo "2636"]
[TimeControl "180+1"]
[EndTime "10:58:46 PDT"]
[Termination "vladislavkovalev won by resignation"]

1. e4 c6 2. Nf3 d5 3. Nc3 dxe4 4. Nxe4 Nf6 5. Qe2 Nxe4 6. Qxe4 Qa5 7. Bc4 Bf5 8. Qe2 e6 9. O-O Be7 10. a3 Bxc2 11. d3 Ba4 12. b4 Qh5 13. Bb2 O-O 14. Rfe1 Kh8 15. Qd2 Nd7 16. Ne5 Rad8 17. Re4 Bf6 18.
Nf3 Bxb2 19. Qxb2 Bb5 20. Rae1 Bxc4 21. dxc4 Nf6 22. Rh4 Qf5 23. h3 Rd3 24. Ne5 Rd6 25.
Rd4 Ne8 26. Rxd6 Nxd6 27. Qd4 Nc8 28. Qd7 Kg8 29. Qxb7 Nd6 30. Qxc6 Rd8 31. Qc7 Qf6 32. Nc6 Re8 33. Qxd6 Qc3 34. Rd1 Qxa3 35. Ne7+ Kh8 36. c5 Qa4 37. c6 h6 38. c7 Rxe7 39. c8=Q+ Kh7 40. Qxe7 Qxd1+ 41. Kh2 Qd6+ 42. Qxd6 1-0

[Event "*** SCC Grand Prix: Titled Tuesday Blitz"]
[Site "Chess.com"]
[Date "2020.06.02"]
[Round "5"]
[White "MirMan90"]
[Black "rubhani"]
[Result "0-1"]
[WhiteElo "2718"]
[BlackElo "2581"]
[TimeControl "180+1"]
[EndTime "10:58:46 PDT"]
[Termination "rubhani won by resignation"]

1. e4 c5 2. Nf3 d6 3. c3 Nf6 4. Be2 Nbd7 5. d3 g6 6. O-O Bg7 7. Re1 O-O 8. Nbd2 e5 9. a4 b6 10.
b4 Bb7 11. Bb2 Re8 12. Qb3 Qc7 13. Bf1 d5 14. exd5 Nxd5 15. b5 Nf4 16. g3 Ne6 17. Bg2 Rad8 18. Nc4 Bd5 19. Nfd2 Bxg2 20. Kxg2 Qb7+ 21.
Ne4 Qd5 22. Nd2 Qxb3 23. Nxb3 f5 24. Nd6 Re7 25. a5 bxa5 26. Nxa5 Nb6 27. Nc6 Rxd6 28. Nxe7+ Kf8 29. Rxa7 Rxd3 30. Rb7 Nc4 31. Bc1 e4 32. Be3 Bxc3 33. Re2 Nd4 34. Bxd4 cxd4 35. Ra2 Na5 36. Nc6 Nxb7 37. Ra8+ Kf7 38. Ra7 Ke6 39. Rxb7 Rd2 40. b6 Rb2 41. Re7+ Kd6 42. b7 Kxc6 43. Kf1 Rxb7 0-1

[Event "*** SCC Grand Prix: Titled Tuesday Blitz"]
[Site "Chess.com"]
[Date "2020.06.02"]
[Round "5"]
[White "secretsuperstar7"]
[Black "googlegoom"]
[Result "1-0"]
[WhiteElo "2226"]
[BlackElo "2419"]
[TimeControl "180+1"]
[EndTime "10:58:46 PDT"]
[Termination "secretsuperstar7 won by resignation"]

1. d4 d5 2. c4 c6 3. cxd5 cxd5 4. Bf4 Nf6 5. Nc3 Nc6 6. e3 e6 7. Be2 Be7 8. Nh3 O-O 9. O-O Bd7 10. Ng5 Na5 11. h3 Rc8 12. Nf3 Nc4 13. Rb1 Nxb2 14. Rxb2 Rxc3 15. Rxb7 Ra3 16. Qb1 Ne4 17. Qb2 Bc8 18. Rb8 Qa5 19. Ra1 Nc3 20. Ne5 Nxe2+ 21. Qxe2 Ba6 22. Rxf8+ Bxf8 23. Qb2 Qc3 24. Qxc3 Rxc3 25.
Rb1 Rc8 26. Rb3 f6 27. Nf3 Bc4 28. Rb7 a6 29. Rb6 Kf7 30. a4 Be7 31. Nd2 Bd8 32. Rb7+ Kg8 33. Nb1 Bd3 34. Nd2 h6 35. Ra7 Kf8 36. Nb3 Be7 37. Na5 Bb4 38. Nb7 Rc6 39. Ra8+ Kf7 40. Nd8+ 1-0

[Event "*** SCC Grand Prix: Titled Tuesday Blitz"]
[Site "Chess.com"]
[Date "2020.06.02"]
[Round "5"]
[White "m_ezat"]
[Black "abhidabhi"]
[Result "0-1"]
[WhiteElo "2542"]
[BlackElo "2720"]
[TimeControl "180+1"]
[EndTime "10:58:47 PDT"]
[Termination "abhidabhi won on time"]

1. d4 Nf6 2. c4 g6 3. Nc3 d5 4.
Bg5 Ne4 5. cxd5 Nxg5 6. h4 Ne4 7. Nxe4 Qxd5 8. Qd3 Bg7 9. Nf3 Bf5 10. Nc3 Qd8 11. Qb5+ Nd7 12. e4 Bg4 13. Ne5 Bxe5 14. dxe5 c6 15. Qxb7 Nxe5 16. f3 Rb8 17. Qxa7 Bxf3 18. gxf3 Rxb2 19. Be2 Qd2+ 20. Kf1 O-O 21. Qc5 Qf4 22.
Qf2 Rd8 23. Rd1 Rxd1+ 24. Nxd1 Rxa2 25. h5 Nd3 26. Qd4 Ne5 27. Qd8+ Kg7 28. h6+ Kf6 29.
Qd4 Rd2 30. Qc3 Ke6 31. Ne3 Rxe2 32. Qb3+ Kf6 33. Kxe2 Qxf3+ 34. Kd2 Qxh1 35. Qc3 Qh2+ 36. Kc1 Qg1+ 37. Kb2 Qxe3 38. Qxe3 Nc4+ 0-1

[Event "*** SCC Grand Prix: Titled Tuesday Blitz"]
[Site "Chess.com"]
[Date "2020.06.02"]
[Round "5"]
[White "ditkin25"]
[Black "PawnEatingZombie"]
[Result "1-0"]
[WhiteElo "2433"]
[BlackElo "2207"]
[TimeControl "180+1"]
[EndTime "10:58:47 PDT"]
[Termination "ditkin25 won on time"]

1. e4 c6 2. c4 d5 3. exd5 cxd5 4. cxd5 Nf6 5. Nc3 g6 6. Nf3 Bg7 7. Bc4 Nbd7 8. d3 Nb6 9. Qb3 Nxc4 10. dxc4 e6 11. O-O O-O 12. Bg5 h6 13. Bh4 g5 14.
Bg3 exd5 15. Nxd5 Ne4 16. Rad1 Nxg3 17. hxg3 b6 18. Rfe1 Be6 19. Nf4 Qf6 20. Nxe6 fxe6 21. Re4 Qxb2 22. Qxb2 Bxb2 23. Rxe6 Bg7 24. Rd7 Rf7 25.
Ree7 Raf8 26. Rxa7 Rxe7 27. Rxe7 g4 28. Ne5 h5 29.
Nd7 Ra8 30. Re2 Bd4 31. Rd2 Bc3 32. Nxb6 Ra6 33. Rd8+ Kf7 34. Nd5 Bd4 35. Nb4 Rb6 36. Rxd4 Rxb4 37. Kh2 Ra4 38. Rd5 Rxa2 39. Rxh5 Rxf2 40.
Rg5 1-0

[Event "*** SCC Grand Prix: Titled Tuesday Blitz"]
[Site "Chess.com"]
[Date "2020.06.02"]
[Round "5"]
[White "kikydu96"]
[Black "floplover"]
[Result "0-1"]
[WhiteElo "2377"]
[BlackElo "2201"]
[TimeControl "180+1"]
[EndTime "10:58:47 PDT"]
[Termination "floplover won on time"]

1. e4 c6 2. d4 d5 3. Nc3 dxe4 4. Nxe4 Nd7 5. Nf3 Ngf6 6. Ng3 e6 7. Bd3 Bd6 8. c3 Qc7 9. Qc2 h6 10. Bd2 c5 11. O-O-O c4 12. Be2 b5 13. Rhe1 Bb7 14. Bf1 O-O 15. Kb1 a5 16. Qc1 Rfc8 17. Bxh6 gxh6 18.
Qxh6 Bf8 19. Qg5+ Bg7 20. Ne5 Kf8 21. h4 b4 22. h5 bxc3 23. bxc3 Bd5 24. Ka1 Rab8 25. h6 Bh8 26. Be2 a4 27. Bh5 Qb6 28. Rb1 Qa5 29. Qe3 Nxe5 30. dxe5 Nxh5 31. Nxh5 a3 32.
Rxb8 Rxb8 33. Rb1 Rxb1+ 34. Kxb1 Qb5+ 35. Kc1 Qb2+ 36. Kd1 Qa1+ 37. Ke2 Qxa2+ 38. Kf1 Qa1+ 39. Ke2 Qb2+ 40. Kf1 a2 41. Qc5+ Kg8 42. Qc8+ Kh7 0-1

[Event "*** SCC Grand Prix: Titled Tuesday Blitz"]
[Site "Chess.com"]
[Date "2020.06.02"]
[Round "5"]
[White "harperchesstt"]
[Black "luizwas"]
[Result "1-0"]
[WhiteElo "2185"]
[BlackElo "1845"]
[TimeControl "180+1"]
[EndTime "10:58:47 PDT"]
[Termination "harperchesstt won by checkmate"]

1. e4 e6 2. d4 d5 3. Nc3 Nf6 4. e5 Nfd7 5. f4 c5 6. Nf3 Nc6 7. Be3 Qb6 8. Na4 Qa5+ 9. c3 cxd4 10. b4 Nxb4 11. cxb4 Bxb4+ 12. Bd2 Bxd2+ 13. Nxd2 b5 14. Nb2 Qc3 15. Nd3 Nb6 16. Rc1 Qa5 17. Kf2 Nc4 18.
Nxc4 dxc4 19. Qf3 Qd2+ 20. Kg3 h5 21. Qc6+ Ke7 22. Qxa8 Qe3+ 23. Qf3 h4+ 24. Kh3 Qxf3+ 25. gxf3 cxd3 26. Bxd3 a6 27. Rc7+ Kd8 28. Rhc1 Bd7 29. Ra7 Re8 30. Ra8+ Ke7 31. Rxe8+ Bxe8 32. Rc7+ Bd7 33.
Ra7 f6 34. Rxa6 f5 35. Ra7 Kd8 36. Rxd7+ Kxd7 37. Bxb5+ Kc7 38. Bc4 Kb6 39. Bxe6 Kc5 40. Bxf5 Kb4 41. Be4 Ka3 42. e6 Kb4 43. e7 Ka3 44.
e8=Q d3 45. Qa8+ Kb2 46. Qd5 Kc3 47. Qxd3+ Kb2 48. Qc2+ Ka1 49. Qb1# 1-0

[Event "*** SCC Grand Prix: Titled Tuesday Blitz"]
[Site "Chess.com"]
[Date "2020.06.02"]
[Round "5"]
[White "Munkhzul_Turmunkh"]
[Black "Jospem"]
[Result "1-0"]
[WhiteElo "2593"]
[BlackElo "2860"]
[TimeControl "180+1"]
[EndTime "10:58:48 PDT"]
[Termination "Munkhzul_Turmunkh won by resignation"]

1. e4 c5 2. Nf3 d6 3. d4 cxd4 4. Nxd4 a6 5. Be3 e6 6. c4 b6 7. Nc3 Bb7 8. Be2 Nf6 9. f3 Nbd7 10. O-O Be7 11. Rc1 O-O 12. Qd2 Rc8 13. Rfd1 Qc7 14.
Qe1 Qb8 15. Qg3 Kh8 16. b4 Ne5 17. Na4 Nfd7 18. f4 Nc6 19. Nc2 Ba8 20. Qf2 b5 21.
cxb5 axb5 22. Nc3 Nf6 23. Bf3 Rfd8 24. Qe2 Na7 25. Nd4 d5 26. e5 Ne4 27. Bxe4 dxe4 28. a3 Qb7 29. Ncxb5 Nxb5 30. Qxb5 Rxc1 31. Rxc1 Qa7 32.
a4 Bf8 33. Nf5 Qb7 34. Qxb7 Bxb7 35. Nd6 Bxd6 36. exd6 h6 37. Rc7 Bd5 38. d7 Kh7 39. b5 g5 40. fxg5 Kg6 41. gxh6 f5 42. b6 e5 43. b7 f4 44. Ba7 e3 45. b8=Q e2 46. Kf2 1-0

[Event "*** SCC Grand Prix: Titled Tuesday Blitz"]
[Site "Chess.com"]
[Date "2020.06.02"]
[Round "5"]
[White "fridaywins"]
[Black "HouseOfDurin"]
[Result "1-0"]
[WhiteElo "2226"]
[BlackElo "1987"]
[TimeControl "180+1"]
[EndTime "10:58:48 PDT"]
[Termination "fridaywins won on time"]

1. e4 c5 2. Nf3 Nc6 3. Bb5 g6 4. Bxc6 bxc6 5. Nc3 Bg7 6. h3 e5 7. b3 Ne7 8. Bb2 O-O 9. O-O h6 10. Na4 d6 11. Re1 Be6 12. c3 c4 13. d4 cxb3 14. axb3 exd4 15. Nxd4 Bd7 16. c4 Rb8 17. c5 d5 18. e5 Nf5 19. e6 Nxd4 20. e7 Qe8 21. Bxd4 Be6 22. Nc3 Qxe7 23. Bxg7 Kxg7 24. Qd4+ Qf6 25. Qxf6+ Kxf6 26. Ra3 Rb7 27. Ne2 Rfb8 28. Nd4 Bd7 29. f4 Rb4 30. Nf3 Rxb3 31. Rxa7 Be6 32. Ne5 Rb1 33. Rxb1 Rxb1+ 34. Kh2 Rc1 35. Ra5 Rf1 36. Kg3 d4 37. Nxc6 d3 38. Ra7 d2 39.
Ne5 d1=Q 40. Nf3 Qe1+ 41. Nxe1 Rxe1 42. c6 Rc1 43. c7 Rc6 44. Kf3 Bd5+ 45. Kf2 Rc3 46.
g4 Rc2+ 47. Ke3 Be6 48. Kd4 g5 49. f5 Bxf5 50. gxf5 Kxf5 51. c8=Q+ Rxc8 52. Rxf7+ Kg6 53. Ra7 Re8 54. Ra6+ Kh5 55. Kd3 Re7 56. Kd2 Re5 57.
Rb6 Re4 58. Rf6 Kh4 59. Rxh6+ Kg3 60. Rg6 Kh4 61. Kd3 1-0

[Event "*** SCC Grand Prix: Titled Tuesday Blitz"]
[Site "Chess.com"]
[Date "2020.06.02"]
[Round "5"]
[White "talaicito"]
[Black "profofchess"]
[Result "0-1"]
[WhiteElo "2129"]
[BlackElo "2452"]
[TimeControl "180+1"]
[EndTime "10:58:49 PDT"]
[Termination "profofchess won on time"]

1. d4 Nf6 2. Bf4 e6 3. Nc3 Bb4 4. Bd2 d5 5. a3 Bd6 6. Nf3 c6 7. Bg5 h6 8. Bxf6 Qxf6 9. e4 dxe4 10. Nxe4 Qe7 11. Nxd6+ Qxd6 12. Bd3 Nd7 13. O-O Nf6 14. Re1 O-O 15. Qe2 b6 16. Rad1 Bb7 17. Ne5 c5 18.
dxc5 Qxc5 19. h3 Rad8 20. c3 a5 21. Bc2 b5 22. Bb3 Ne4 23. Nd7 Qg5 24. Nxf8 Nxc3 25. Qg4 Qxg4 26. hxg4 Nxd1 27. Rxd1 Rxd1+ 28. Bxd1 Kxf8 29. Be2 b4 30. axb4 axb4 31. Bc4 Ke7 32. f3 Kd6 33. Kf2 Kc5 34. Bd3 Kd4 35. Bh7 e5 36. Ke2 f6 37. Bf5 e4 38. Be6 e3 39. Bf5 Ba6+ 40. Ke1 Bc4 41. g3 Bd3 42. Be6 Bc4 43. Bf5 Bd5 44. f4 Bf3 0-1

[Event "*** SCC Grand Prix: Titled Tuesday Blitz"]
[Site "Chess.com"]
[Date "2020.06.02"]
[Round "5"]
[White "novocane"]
[Black "Shockerlover"]
[Result "1-0"]
[WhiteElo "2160"]
[BlackElo "1700"]
[TimeControl "180+1"]
[EndTime "10:58:49 PDT"]
[Termination "novocane won on time"]

1. d4 Nf6 2. c4 c6 3. Nf3 g6 4. Nc3 Bg7 5. e4 O-O 6. Be2 d6 7. h3 a5 8. O-O Na6 9. Be3 Nd7 10.
Qd2 e5 11. d5 Ndc5 12. Bh6 f5 13.
Bxg7 Kxg7 14. dxc6 bxc6 15. Rad1 Rf6 16. Nxe5 fxe4 17.
Nxc6 Qe8 18. Nd4 Bb7 19. Ndb5 Rd8 20. Qe3 Qf7 21. Nd5 Rf5 22. Bg4 Re5 23. Nbc3 Nb4 24. Be2 Nxd5 25. cxd5 Bxd5 26. Nxd5 Rxd5 27. Bc4 Rxd1 28.
Bxf7 Rxf1+ 29. Kxf1 Kxf7 30. g3 Rb8 31. Qd4 Ke6 32. a3 Rb3 33. h4 Rd3 34. Qg7 Rd1+ 35. Ke2 Rd3 36. b4 1-0

[Event "*** SCC Grand Prix: Titled Tuesday Blitz"]
[Site "Chess.com"]
[Date "2020.06.02"]
[Round "5"]
[White "Malysch"]
[Black "Volodar_Murzin"]
[Result "1-0"]
[WhiteElo "2531"]
[BlackElo "2702"]
[TimeControl "180+1"]
[EndTime "10:58:50 PDT"]
[Termination "Malysch won on time"]

1. d4 Nf6 2. c4 g6 3. g3 Bg7 4.
Bg2 O-O 5. Nf3 d6 6. O-O Nbd7 7. Nc3 e5 8. e4 exd4 9. Nxd4 Nc5 10. h3 Re8 11. Re1 Bd7 12. Bf4 h5 13. Qd2 Ne6 14. Be3 a5 15. Rad1 Qc8 16. Kh2 Nc5 17. Qc2 a4 18. f4 Nh7 19. Bf2 Nf8 20. Nd5 Ra6 21.
Nb5 Bxb5 22. cxb5 Ra5 23. Qc4 Nfd7 24. e5 c6 25. bxc6 bxc6 26. Nb4 d5 27. Qc3 Rb5 28.
Bf1 Qb7 29. Bxb5 Qxb5 30. a3 Bf8 31. Rc1 Re6 32. Red1 Ne4 33. Qf3 Ndc5 34. Bxc5 Bxc5 35. Nd3 Bb6 36. f5 gxf5 37. Qxf5 Qb4 38. axb4 1-0

[Event "*** SCC Grand Prix: Titled Tuesday Blitz"]
[Site "Chess.com"]
[Date "2020.06.02"]
[Round "5"]
[White "davidkalashian"]
[Black "StephenDedalus83"]
[Result "1-0"]
[WhiteElo "2574"]
[BlackElo "2715"]
[TimeControl "180+1"]
[EndTime "10:58:50 PDT"]
[Termination "davidkalashian won on time"]

1. d4 g6 2. e4 Bg7 3. Nc3 d6 4. f4 a6 5. Nf3 b5 6. Bd3 Bb7 7. O-O Nd7 8. e5 Nh6 9. Ng5 e6 10. Be4 Bxe4 11. Ncxe4 d5 12. Ng3 c5 13. c3 Qc7 14. Be3 O-O 15. h4 Rfc8 16. h5 Nf8 17.
hxg6 hxg6 18. Rc1 cxd4 19. Bxd4 Nf5 20. Nxf5 exf5 21. g4 Qd7 22. Qd3 Nh7 23. Nxh7 Kxh7 24.
Rc2 Kg8 25. Rg2 Kf8 26. gxf5 Qxf5 27. Qxf5 gxf5 28. Rg5 Rc6 29. Rxf5 Ke7 30. Kf2 Rg6 31. Rg1 Rxg1 32. Kxg1 Rh8 33. Rg5 Bh6 34. Rg4 Ke6 35.
Kf2 Bf8 36. Rg5 f6 37. f5+ Kf7 38. e6+ Ke8 39. Bxf6 Rh2+ 40. Kf3 Rxb2 41. Rg8 Rb1 42. Bg7 Rf1+ 43. Ke3 1-0

[Event "*** SCC Grand Prix: Titled Tuesday Blitz"]
[Site "Chess.com"]
[Date "2020.06.02"]
[Round "5"]
[White "antoszu"]
[Black "CyberneticLion"]
[Result "1-0"]
[WhiteElo "2546"]
[BlackElo "2386"]
[TimeControl "180+1"]
[EndTime "10:58:50 PDT"]
[Termination "antoszu won by resignation"]

1. d4 d5 2. c4 e6 3. Nc3 Nf6 4. cxd5 exd5 5. Bg5 c6 6. e3 Be7 7. Bd3 O-O 8. Nf3 Ne4 9. Bxe7 Qxe7 10. h3 Bf5 11.
O-O Nd7 12. Qc2 Bg6 13. Rab1 a5 14. Bxe4 Bxe4 15. Nxe4 Qxe4 16. Qxe4 dxe4 17. Nd2 f5 18. Rfc1 Rfc8 19. Nc4 Rc7 20. Rc3 Kf7 21. d5 g6 22. Rd1 Ra6 23. dxc6 bxc6 24. b3 Ke7 25.
Nb2 c5 26. Na4 Rd6 27. Rdc1 Rd5 28. Kf1 Kd6 29. Ke2 Ne5 30. Nb2 Kc6 31. a3 Rcd7 32. R1c2 Nd3 33. Na4 Kb5 34. f3 h5 35. Rc4 exf3+ 36.
gxf3 f4 37. Nc3+ Kc6 38. Nxd5 Rxd5 39. Rd2 Ne5 40. Rxd5 Kxd5 41. Rxf4 c4 42. bxc4+ Nxc4 43. a4 Nb6 44. Kd3 Nd7 45. Rd4+ Kc6 46. Rxd7 Kxd7 47. Kc4 Kc6 48. f4 Kd6 49. e4 Ke6 50. h4 Kd6 51. Kb5 Kc7 52. Kxa5 Kc6 53. Kb4 g5 54. fxg5 Kd6 1-0

[Event "*** SCC Grand Prix: Titled Tuesday Blitz"]
[Site "Chess.com"]
[Date "2020.06.02"]
[Round "5"]
[White "PotapovaM"]
[Black "bugbug01052018"]
[Result "1-0"]
[WhiteElo "2455"]
[BlackElo "2213"]
[TimeControl "180+1"]
[EndTime "10:58:50 PDT"]
[Termination "PotapovaM won on time"]

1. d4 Nf6 2. c4 e6 3. Nf3 b6 4. a3 Bb7 5. Nc3 Be7 6. d5 O-O 7.
e4 d6 8. Bd3 e5 9. O-O Nfd7 10. b4 a5 11. Bb2 Na6 12. Qb3 axb4 13. axb4 g6 14. Ra2 f5 15. Rfa1 f4 16. c5 Naxc5 17.
bxc5 Nxc5 18. Qc2 g5 19. Bf1 g4 20. Nd2 g3 21. Qd1 gxf2+ 22. Kh1 Qd7 23. Bb5 Qc8 24. Rxa8 Bxa8 25. Qf3 f1=Q+ 26. Rxf1 Kh8 27. Bc6 Bxc6 28. dxc6 Rg8 29. Nd5 Bd8 30. Nxf4 Qa6 31. Nd5 Nd3 32. Bc3 Nc5 33. h3 Bh4 34. Qh5 Nxe4 35. Bxe5+ dxe5 36. Qxe5+ Bf6 37. Nxf6 Ng3+ 38. Kg1 1-0

[Event "*** SCC Grand Prix: Titled Tuesday Blitz"]
[Site "Chess.com"]
[Date "2020.06.02"]
[Round "5"]
[White "BJthechessgod"]
[Black "zmeeed67"]
[Result "0-1"]
[WhiteElo "2075"]
[BlackElo "2446"]
[TimeControl "180+1"]
[EndTime "10:58:50 PDT"]
[Termination "zmeeed67 won on time"]

1. e4 c5 2. Nf3 e6 3. d4 cxd4 4. Nxd4 Nf6 5. Nc3 Bb4 6. Bd3 Nc6 7. Nxc6 bxc6 8. Bd2 d5 9. exd5 cxd5 10. O-O O-O 11.
a3 Be7 12. Re1 a5 13. Qe2 Rb8 14. Nb5 Bd7 15. a4 h6 16. Bc3 Bc5 17. Qd2 Bb6 18. h3 Ra8 19. b3 Bc6 20. Qf4 Qe7 21. Be5 Rfd8 22. Rad1 Bc5 23. Nd4 Bb7 24. Bc7 Rdc8 25. Be5 Nd7 26. Bxg7 Qg5 27. Bxh6 Qxf4 28. Bxf4 Bxd4 29. Bb5 Bxf2+ 30. Kxf2 Rxc2+ 31. Re2 Rxe2+ 32. Kxe2 Nf6 33. Be5 Ne4 34. Rc1 Ba6 35. Bxa6 Rxa6 36. Rc8+ Kh7 37. h4 f6 38. Bb2 Rb6 39. g4 Rxb3 40.
Bd4 e5 41. Bb6 Rxb6 42. Rc7+ Kg6 43. h5+ Kh6 44. Rc8 Rb4 45. Rh8+ Kg7 46. Rd8 d4 0-1

[Event "*** SCC Grand Prix: Titled Tuesday Blitz"]
[Site "Chess.com"]
[Date "2020.06.02"]
[Round "5"]
[White "Tenamu"]
[Black "Efremov_Vlad"]
[Result "1-0"]
[WhiteElo "2360"]
[BlackElo "2165"]
[TimeControl "180+1"]
[EndTime "10:58:50 PDT"]
[Termination "Tenamu won on time"]

1. e4 c5 2. Nf3 Nc6 3. Bb5 g6 4. O-O Bg7 5. c3 Nf6 6. Re1 O-O 7. d4 d5 8. e5 Ne4 9. Nbd2 Nxd2 10. Bxd2 Qb6 11.
Bxc6 bxc6 12. Qc1 Rb8 13. b3 a5 14. Bh6 a4 15. Rb1 Bf5 16. Rb2 Rfc8 17. Qg5 Rc7 18. Qh4 cxd4 19. Ng5 Bh8 20. cxd4 Qb4 21. Nf3 c5 22. Bd2 Qb5 23. dxc5 Qxc5 24. Be3 Qb4 25. Bd4 Be4 26. a3 Qxa3 27. Ng5 h5 28. Nxe4 dxe4 29. Qxe4 Rxb3 30. Rbe2 Rc8 31. e6 f5 32. Qd5 Bxd4 33. Qxd4 Rc1 34. Qd8+ Kg7 35. Qe8 Rbb1 36. Qf7+ Kh6 37. Qf8+ Kg5 38. h4+ Kxh4 39. Rxc1 Rxc1+ 40. Kh2 Qd6+ 41. g3+ Kg5 42. Qg7 1-0